AoeStats
← arkance

Arabia

510815348Analyzed
1v1 RM · 19h ago on Oct 2, 2026· 47m 18s· 2 players
Game mode
Random Map
Map size
Tiny (2 player)
Population
200
Speed
Normal
Resources
Standard
Victory
Conquest
Starting age
Dark Age
Ending age
Imperial Age
RankedLock teamsTeams togetherTeam positionsShared explorationLock speedFull tech treeHidden civsTurbo modeCheats
Victory
Defeat
🇩🇪 Teutons · Germany
1199
+17
🇫🇷 Magyars · France
1226
-17
VinRAR
6:52 Loom
9:20 Feudal Age
20:41 Castle Age
19:53 Bloodlines
19:50 Scale Barding Armor
19:39 Double-Bit Axe
19:37 Horse Collar
21:48 Bow Saw
22:03 Scale Barding Armor
21:53 Town Watch
22:06 Gold Mining
22:44 Fletching
23:06 Forging
24:57 Wheelbarrow
25:03 Heavy Plow
26:14 Chain Barding Armor
28:59 Hand Cart
29:19 Stone Mining
30:53 Devotion
32:04 Iron Casting
37:21 Imperial Age
34:58 Padded Archer Armor
36:28 Fletching
36:06 Elite Skirmisher
38:06 Redemption
37:48 Cavalier
40:36 Leather Archer Armor
40:57 Plate Barding Armor
40:18 Bodkin Arrow
41:23 Blast Furnace
41:57 Masonry
42:53 Ballistics
43:34 Chemistry
43:46 Ring Archer Armor
43:07 Guard Tower
45:29 Arrowslits
46:51 Conscription
arkance
9:46 Feudal Age
9:08 Loom
10:16 Loom
10:41 Double-Bit Axe
14:57 Horse Collar
21:32 Wheelbarrow
21:03 Gold Mining
23:50 Castle Age
23:10 Bloodlines
23:53 Scale Barding Armor
25:54 Husbandry
29:28 Bow Saw
36:54 Fletching
37:42 Heavy Plow
38:09 Ballistics
38:42 Bodkin Arrow
38:48 Padded Archer Armor
43:36 Imperial Age
43:55 Thumb Ring
44:37 Leather Archer Armor
45:07 Parthian Tactics
45:12 Bracer
Connection lost

Rejoining the realm…

Still unreachable

The connection could not be restored.

Session expired

The server has moved on; the page needs a fresh start.